Map: [ESL] Berlingrad

Players

TIME (Oliveira)

  • Race: Terran Terran

Ryung - Winner!

  • Race: Terran Terran

Event: IEM Katowice 2022

VOD

Have the link to the VOD?

Description

Time

  • Played on: Feb. 24, 2022, 2:35 p.m.
  • Length: 18:40

All games in this series

Show
View Real Time Build Order
Export as new Build Order

TIME Terran 

Build Orders:  

Get SALT Encoding   

  12  0:00  SCV  
  13  0:12  SCV  
  14  0:17  Supply Depot  
  14  0:24  SCV  
  15  0:38  SCV  
  15  0:39  Barracks  
  16  0:43  Refinery  
  16  0:50  SCV  
  16  0:53  Refinery  
  17  1:03  SCV  
  18  1:15  SCV  
  19  1:26  Reaper  
  19  1:27  Orbital Command  
  19  1:30  Supply Depot  
  20  1:42  Factory  
  20  1:53  SCV  
  21  1:58  Reaper  
  22  2:06  SCV  
  23  2:18  Command Center  
  23  2:22  SCV  
  24  2:26  Hellion  
  26  2:30  Reaper  
  26  2:34  SCV  
  28  2:40  Supply Depot  
  28  2:47  SCV  
  28  2:48  Widow Mine  
  31  2:55  Starport  
  31  3:02  SCV  
  31  3:03  Barracks Reactor  
  32  3:09  Factory Tech Lab  
  32  3:14  SCV  
  33  3:22  Refinery  
  33  3:26  SCV  
  34  3:28  Siege Tank  
  34  3:30  Orbital Command  
  34  3:33  Starport Tech Lab  
  37  3:38  SCV  
  37  3:39  Marine x2  
  40  3:50  SCV  
  41  3:56  SCV  
  41  3:57  Raven, Marine x2  
  41  4:02  SCV  
  47  4:03  Supply Depot  
  47  4:08  SCV  
  48  4:14  SCV, Siege Tank  
  48  4:15  Marine x2  
  54  4:22  Supply Depot  
  54  4:25  SCV  
  54  4:26  SCV  
  56  4:37  SCV  
  57  4:38  SCV  
  57  4:44  Supply Depot, Marine  
  59  4:46  Viking x2  
  59  4:49  Siege Tank  
  59  4:52  SCV x2  
  68  5:02  Marine  
  68  5:04  SCV  
  68  5:06  SCV, Command Center  
  71  5:09  Supply Depot  
  71  5:16  Viking  
  71  5:18  Viking  
  75  5:23  SCV, Stimpack  
  75  5:24  SCV  
  77  5:31  Marine  
  77  5:35  SCV, Siege Tank  
  82  5:43  SCV  
  83  5:50  Viking  
  83  5:51  SCV  
  83  5:54  Supply Depot  
  86  5:59  Barracks x2  
  86  6:04  SCV  
  86  6:06  Viking  
  84  6:14  SCV  
  84  6:16  Siege Tank  
  88  6:23  Viking  
  88  6:24  SCV  
  91  6:33  Supply Depot, Refinery, Engineering Bay  
  91  6:34  Engineering Bay  
  91  6:37  SCV x2, Viking  
  91  6:38  Orbital Command  
  93  6:49  SCV  
  93  6:50  Siege Tank  
  93  6:52  SCV  
  93  6:53  Viking  
  99  6:59  Orbital Command  
  95  7:01  SCV  
  95  7:03  Terran Infantry Weapons Level 1  
  95  7:07  Barracks  
  95  7:08  Barracks  
  92  7:12  Combat Shield  
  92  7:13  Marine  
  92  7:15  SCV  
  94  7:16  SCV  
  95  7:25  Barracks Reactor  
  95  7:27  SCV  
  95  7:28  Barracks Reactor  
  95  7:29  SCV x2  
  94  7:32  Refinery  
  94  7:33  Supply Depot  
  94  7:34  Refinery  
  94  7:35  Siege Tank  
  94  7:36  Marine  
  98  7:39  SCV  
  98  7:41  SCV x2  
  98  7:42  Supply Depot  
  101  7:46  Viking  
  79  8:02  Viking  
  79  8:03  SCV, Marine x2  
  79  8:04  Marine x2  
  77  8:06  Marine  
  77  8:07  Siege Tank  
  77  8:09  Barracks Reactor x2  
  77  8:10  SCV x2  
  81  8:15  Missile Turret, Bunker, SCV  
  81  8:19  Viking  
  84  8:21  Marine x2  
  84  8:22  SCV x2, Marine  
  84  8:24  Marine  
  90  8:27  Marine  
  90  8:28  SCV  
  90  8:33  Armory  
  90  8:34  Supply Depot, SCV, Terran Infantry Armor Level 1  
  93  8:37  SCV  
  93  8:39  Marine x2  
  93  8:40  Marine  
  97  8:43  Missile Turret, Siege Tank  
  97  8:48  Marine  
  101  8:50  Marine  
  101  8:51  Marine  
  101  8:54  Marine x3  
  106  8:56  Viking x2  
  106  9:02  Marine x2  
  110  9:03  Marine  
  110  9:05  Marine  
  110  9:07  Command Center  
  114  9:14  Marine x3  
  114  9:16  Marine, Sensor Tower  
  117  9:18  Siege Tank  
  117  9:21  Terran Infantry Weapons Level 2  
  117  9:22  Marine x2  
  122  9:25  Terran Vehicle Weapons Level 1  
  122  9:26  Marine x2  
  122  9:27  Marine  
  122  9:31  Medivac x2  
  127  9:36  Supply Depot, Marine x2  
  127  9:37  Supply Depot, Marine  
  132  9:40  Marine x2  
  132  9:44  Marine x2  
  135  9:48  Marine  
  137  9:54  Marine x2  
  137  9:56  Marine  
  137  9:58  Marine, Siege Tank  
  144  10:00  Marine  
  144  10:02  SCV x2, Marine  
  144  10:05  Supply Depot x2  
  147  10:08  Marine x2  
  147  10:11  Marine  
  147  10:12  Marine  
  147  10:13  Medivac x2, Factory  
  155  10:15  Barracks Reactor  
  155  10:16  Marine x2  
  155  10:20  SCV x2  
  159  10:23  Marine  
  159  10:26  Marine  
  161  10:29  Terran Infantry Armor Level 2, Marine  
  161  10:30  Marine x2  
  161  10:31  SCV  
  161  10:33  Supply Depot x2  
  161  10:34  Siege Tank  
  161  10:35  Marine  
  169  10:40  Marine x2  
  169  10:42  Marine  
  171  10:44  Planetary Fortress, Marine  
  173  10:50  Marine  
  173  10:54  Marine x2  
  176  10:57  Supply Depot  
  176  11:01  Marine x2  
  176  11:03  Siege Tank  
  181  11:08  Marine  
  181  11:09  Marine  
  181  11:11  Marine x2  
  184  11:15  Marine x2  
  184  11:19  Marine  
  172  11:26  Marine x2, Siege Tank  
  172  11:30  Marine  
  172  11:32  Marine  
  172  11:33  SCV  
  172  11:35  SCV x2, Marine x2  
  172  11:36  Siege Tank  
  172  11:37  Medivac x2  
  175  11:43  SCV, Marine  
  175  11:46  SCV  
  178  11:47  SCV  
  178  11:49  Marine  
  178  11:50  Barracks x3, Marine  
  178  11:52  Marine x3  
  184  11:57  Marine  
  184  12:00  Siege Tank  
  188  12:03  Terran Infantry Weapons Level 3  
  188  12:05  Marine  
  189  12:09  Command Center  
  189  12:15  Marine  
  190  12:24  Marine  
  190  12:31  Marine  
  190  12:33  Marine  
  190  12:34  Marine  
  190  12:35  Marine  
  190  12:36  Marine x2  
  191  12:40  Marine x2  
  191  12:43  Barracks Reactor x2  
  189  12:50  Marine x2  
  130  12:54  Marine x4  
  130  12:55  Siege Tank x2  
  130  12:56  Marine x2, Medivac x2  
  130  12:58  Marine  
  130  13:00  Marine x2  
  127  13:08  Marine x2  
  127  13:09  Terran Infantry Armor Level 3  
  127  13:12  Marine x2  
  131  13:16  Marine x3  
  131  13:17  Marine  
  135  13:20  Terran Vehicle Weapons Level 2  
  135  13:21  Marine x3  
  135  13:23  Planetary Fortress  
  135  13:26  Marine x2  
  140  13:30  Medivac x2  
  140  13:33  Siege Tank  
  147  13:35  Siege Tank  
  147  13:36  Marine x3  
  147  13:38  Marine  
  147  13:39  Marine x2  
  156  13:42  Marine x2  
  156  13:44  Marine  
  156  13:45  Marine  
  156  13:46  Marine x2  
  162  13:50  Marine  
  162  13:52  Command Center  
  162  13:53  Marine x2  
  165  13:57  Marine  
  165  14:02  Marine x2  
  168  14:03  Marine x2  
  168  14:05  Marine x3  
  168  14:06  Medivac x2  
  168  14:07  Marine x2  
  168  14:09  Marine  
  177  14:11  Siege Tank x2  
  177  14:12  Marine  
  184  14:20  Marine x2  
  186  14:24  Marine x2  
  186  14:25  Marine x2  
  186  14:26  Marine x3  
  186  14:29  Marine  
  191  14:39  Marine x2  
  191  14:41  Marine x2  
  165  14:57  Marine x2  
  165  14:58  Marine x3  
  165  14:59  Marine x2  
  111  15:00  Siege Tank  
  111  15:01  Medivac, Siege Tank  
  111  15:02  Marine  
  111  15:03  Marine x7  
  122  15:07  Planetary Fortress  
  121  15:14  Marine  
  121  15:15  Marine x2  
  121  15:16  Marine x2  
  121  15:17  Marine x2  
  121  15:19  Medivac  
  121  15:20  Marine x2  
  121  15:21  Marine  
  130  15:22  Marine  
  130  15:23  Marine x2  
  130  15:26  Marine x2  
  135  15:32  Marine  
  135  15:33  Marine x2  
  135  15:34  Siege Tank x2  
  135  15:35  Medivac  
  144  15:45  Marine x2  
  144  15:47  Marine  
  147  15:50  Marine x2  
  147  15:51  Marine  
  147  15:53  Marine  
  147  15:56  Marine x2  
  153  15:58  Marine x2  
  155  16:05  Marine x2  
  155  16:06  Siege Tank  
  155  16:08  Marine  
  155  16:09  Siege Tank  
  155  16:10  Medivac x2  
  162  16:13  Marine x8  
  162  16:16  Starport  
  162  16:17  Starport, Terran Vehicle And Ship Armor Level 1  
  170  16:20  Marine x2  
  170  16:22  Marine x3  
  175  16:26  Marine x2  
  175  16:31  Marine x2  
  179  16:34  Marine x2  
  179  16:39  Command Center  
  181  16:43  Marine  
  152  16:56  Marine x8  
  152  16:57  Marine x4  
  152  16:58  Siege Tank x2  
  152  16:59  Medivac x2  
  152  17:00  Marine  
  152  17:01  Marine  
  138  17:02  Marine  
  136  17:12  Medivac x2  
  136  17:13  Marine  
  136  17:14  Marine x4  
  141  17:21  Marine x5  
  135  17:23  Marine  
  135  17:24  Marine  
  138  17:30  Siege Tank  
  138  17:31  Marine  
  138  17:32  Marine x4  
  138  17:36  Siege Tank  
  147  17:39  Marine x5  
  147  17:41  Marine x2  
  147  17:43  Medivac x3  
  157  17:47  SCV  
  157  17:49  Marine x3  
  157  17:50  Marine  
  161  17:52  SCV  
  151  17:59  Marine  
  151  18:01  Marine  
  151  18:02  Marine  
  151  18:05  Marine x2  
  155  18:06  Marine, Siege Tank  
  155  18:07  Marine  
  162  18:18  Marine x2  
  162  18:19  Marine x3  
  158  18:20  Marine  
Show
View Real Time Build Order
Export as new Build Order

Ryung Terran - Winner!

Build Orders:  

Get SALT Encoding   

  12  0:00  SCV  
  13  0:12  SCV  
  14  0:17  Supply Depot  
  14  0:24  SCV  
  15  0:38  SCV  
  15  0:39  Barracks  
  16  0:43  Refinery  
  16  0:50  SCV  
  16  0:52  Refinery  
  17  1:03  SCV  
  18  1:15  SCV  
  19  1:26  Reaper  
  19  1:27  Orbital Command  
  19  1:29  Supply Depot  
  20  1:40  Factory  
  20  1:52  SCV  
  21  1:58  Reaper  
  22  2:04  SCV  
  23  2:16  SCV  
  23  2:19  Command Center  
  24  2:24  Hellion  
  24  2:28  SCV  
  27  2:30  Barracks Reactor  
  27  2:40  Supply Depot, SCV  
  28  2:46  Widow Mine  
  28  2:49  Starport  
  30  2:53  SCV  
  31  3:05  SCV  
  32  3:06  Marine x2  
  32  3:07  Factory Tech Lab  
  34  3:17  SCV  
  35  3:26  Refinery, Cyclone  
  38  3:27  Starport Tech Lab  
  38  3:30  SCV  
  38  3:32  Orbital Command  
  39  3:36  Marine x2  
  41  3:42  SCV  
  42  3:48  Raven  
  42  3:54  SCV, Marine x2  
  47  3:58  SCV  
  48  4:05  Siege Tank  
  48  4:08  Supply Depot, SCV  
  52  4:11  SCV  
  53  4:20  SCV  
  54  4:26  Supply Depot  
  54  4:29  SCV  
  55  4:31  Raven  
  55  4:32  SCV  
  58  4:41  SCV  
  58  4:43  Command Center  
  58  4:44  SCV  
  60  4:48  Siege Tank  
  60  4:49  Supply Depot  
  63  4:53  SCV  
  63  4:56  SCV  
  65  5:02  Refinery  
  65  5:05  SCV  
  66  5:08  SCV  
  67  5:18  SCV  
  67  5:20  SCV, Siege Tank  
  72  5:21  Viking  
  72  5:22  Viking  
  76  5:29  Supply Depot  
  76  5:30  Supply Depot, SCV  
  76  5:32  SCV  
  78  5:51  SCV, Viking x2, Marine  
  78  5:52  Siege Tank  
  87  5:57  SCV, Orbital Command  
  87  6:03  SCV  
  84  6:12  SCV  
  84  6:15  SCV  
  84  6:16  Marine  
  87  6:21  Viking  
  91  6:32  Siege Tank  
  94  6:34  Marine  
  94  6:39  Barracks, Engineering Bay x2  
  93  6:43  SCV  
  94  6:50  Barracks  
  94  6:59  Orbital Command  
  92  7:04  Siege Tank  
  94  7:10  SCV x2  
  94  7:11  Terran Infantry Weapons Level 1, Terran Infantry Armor Level 1  
  94  7:12  Starport Reactor  
  94  7:13  Barracks Tech Lab  
  96  7:22  SCV x2  
  98  7:25  Barracks x2  
  98  7:26  Supply Depot  
  98  7:28  Supply Depot  
  96  7:33  Stimpack  
  96  7:36  Barracks Tech Lab  
  96  7:38  SCV x2  
  96  7:41  SCV  
  96  7:43  Barracks Reactor  
  99  7:47  Siege Tank  
  99  7:50  SCV x2  
  103  7:56  Marine x2  
  103  7:57  SCV  
  91  8:02  SCV  
  91  8:03  Viking  
  91  8:04  Viking  
  91  8:05  Combat Shield  
  89  8:06  SCV  
  89  8:10  SCV, Refinery  
  89  8:11  Refinery  
  91  8:14  SCV, Marine x2  
  91  8:16  Barracks Reactor x2  
  91  8:18  SCV  
  95  8:20  Marine x2  
  95  8:22  SCV, Armory  
  95  8:26  SCV, Siege Tank  
  102  8:30  SCV  
  102  8:31  Marine  
  102  8:32  Supply Depot  
  102  8:34  Supply Depot  
  104  8:36  Marine  
  104  8:37  Medivac  
  104  8:38  Marine, Medivac  
  110  8:45  Marine  
  111  8:49  Marine, Sensor Tower  
  111  8:52  Command Center  
  111  8:54  Marine x2  
  111  8:55  Marine x2  
  116  8:58  Siege Tank  
  116  8:59  Marine x2  
  121  9:03  Marine  
  121  9:07  Marine  
  121  9:08  SCV x3  
  126  9:12  Marine x3  
  126  9:13  Marine  
  126  9:16  Viking  
  126  9:17  Marine, Terran Infantry Weapons Level 2  
  132  9:20  Supply Depot  
  132  9:22  Supply Depot  
  133  9:25  Terran Infantry Armor Level 2  
  133  9:28  Viking, Marine x2  
  133  9:30  Marine  
  139  9:33  Supply Depot  
  139  9:36  Factory  
  139  9:37  Marine x3  
  141  9:41  Missile Turret, Marine  
  141  9:46  Marine  
  141  9:47  Viking  
  141  9:48  Marine  
  141  9:50  Marine  
  141  9:51  Barracks Reactor  
  146  9:53  Terran Vehicle Weapons Level 1  
  146  9:55  Marine x2  
  146  9:58  Supply Depot, Marine, Siege Tank  
  146  9:59  Marine  
  153  10:04  Marine  
  153  10:05  Supply Depot  
  153  10:06  Marine  
  155  10:08  Marine  
  155  10:13  Marine x2  
  158  10:16  Marine  
  158  10:17  Marine  
  158  10:19  Supply Depot, Viking x2  
  164  10:21  Marine  
  164  10:24  Marine  
  164  10:25  Planetary Fortress, Marine  
  165  10:30  Marine  
  165  10:32  SCV x2  
  167  10:43  Refinery  
  167  10:44  Starport  
  167  10:46  Starport, Siege Tank x2  
  167  10:48  Refinery, Sensor Tower  
  173  10:51  Marine x3  
  176  10:59  Marine x2  
  176  11:01  Marine x2  
  176  11:03  Marine x2  
  182  11:08  Marine x2  
  182  11:09  Marine  
  182  11:10  Viking x2  
  189  11:16  Marine x2  
  190  11:19  Missile Turret, Marine x2  
  190  11:21  Missile Turret, Marine  
  189  11:39  Siege Tank x2  
  188  11:41  Starport Tech Lab x2  
  188  11:45  Medivac x2  
  182  11:48  Terran Infantry Weapons Level 3  
  182  11:51  Sensor Tower  
  182  11:56  Terran Infantry Armor Level 3  
  182  11:58  Command Center  
  182  12:03  Command Center  
  181  12:11  Siege Tank  
  181  12:12  Missile Turret  
  181  12:14  Missile Turret  
  184  12:20  Marine x2  
  186  12:28  Viking  
  186  12:29  Raven x2, Viking  
  180  12:33  Siege Tank  
  180  12:36  Marine  
  180  12:37  Marine  
  176  12:38  Marine x6  
  176  12:43  Siege Tank  
  184  12:48  Marine  
  144  12:54  Marine x2  
  144  12:56  Marine x5  
  144  12:58  Marine  
  141  12:59  Viking  
  141  13:00  Viking  
  141  13:05  Siege Tank  
  145  13:06  Marine  
  145  13:07  Refinery  
  145  13:12  Marine x2  
  147  13:15  Siege Tank  
  151  13:22  Marine x2  
  151  13:25  Marine  
  151  13:27  Marine, Command Center  
  154  13:31  Terran Vehicle Weapons Level 2  
  156  13:37  Siege Tank  
  156  13:40  Sensor Tower  
  161  13:43  Raven  
  161  13:44  Raven  
  161  13:48  SCV x3  
  165  13:54  Viking x2  
  169  14:03  Marine x2  
  169  14:04  Marine x3  
  169  14:07  Siege Tank  
  169  14:09  Siege Tank  
  180  14:37  Raven x2  
  180  14:40  Siege Tank  
  183  14:46  Marine x2  
  183  14:47  Marine  
  183  14:52  Marine x2  
  167  14:53  Marine  
  148  15:00  Marine x3  
  148  15:02  Siege Tank  
  148  15:04  Marine x2  
  148  15:05  Marine  
  159  15:07  Medivac x2  
  159  15:09  Marine  
  159  15:12  Siege Tank  
  163  15:20  Raven x2  
  161  15:23  Marine x2  
  161  15:24  Marine x6  
  161  15:28  Command Center  
  169  15:32  Corvid Reactor  
  169  15:36  Marine  
  169  15:41  Marine  
  169  15:42  Missile Turret  
  171  15:45  Siege Tank x2  
  177  15:51  Marine x3  
  177  15:56  Marine x3  
  179  15:58  Viking x2  
  179  16:01  Terran Vehicle Weapons Level 3  
  179  16:03  Marine x3  
  185  16:08  Raven  
  183  16:14  Missile Turret  
  183  16:17  Siege Tank  
  186  16:21  Marine x3  
  189  16:33  Siege Tank  
  192  16:48  Marine x2  
  192  16:49  Siege Tank  
  161  16:55  Marine  
  161  16:56  Marine x4  
  161  16:57  Marine  
  161  16:58  Marine  
  158  17:05  Raven x2, Siege Tank  
  158  17:06  Marine x2  
  167  17:13  Marine x4  
  167  17:14  Marine  
  167  17:15  Marine  
  172  17:16  Marine  
  149  17:24  Marine x2  
  147  17:31  Marine x4  
  147  17:32  Marine  
  147  17:33  Marine  
  147  17:34  Marine  
  151  17:42  Marine x2  
  152  17:49  Marine x4  
  152  17:50  Marine  
  152  17:51  Marine  
  157  17:52  Marine  
  159  18:00  Marine x2, Siege Tank  
  159  18:01  Siege Tank  
  165  18:07  Marine x5  
  165  18:09  Marine x2  
  172  18:18  Marine x2  

Tags
 
Add a new tag
Caveats
  • Supply blocks, unpowered buildings, or Contaminate may cause inaccurate times.
  • Supply counts are checked every 10 seconds.